 Dungeon Crawl Stone Soup version 0.30-a0-782-ge64f9170bb (webtiles) character file.

Game seed: 1962848862441601117

1 Crownlay the Digger (level 1, 0/10 HPs)
             Began as a Gargoyle Earth Elementalist on Feb 28, 2023.
             Slain by a gnoll
             ... wielding a +0 club
              (4 damage)
             ... on level 1 of the Dungeon.
             The game lasted 00:00:05 (69 turns).

Crownlay the Digger (Gargoyle Earth Elementalist)     Turns: 69, Time: 00:00:05

Health: 0/10       AC:  4    Str: 11    XL:     1   Next: 20%
Magic:  1/3        EV: 11    Int: 15    God:
Gold:   0          SH:  0    Dex: 10    Spells: 3/4 levels left

rFire   . . .      SeeInvis .    (no weapon)
rCold   . . .      Faith    .    (no shield)
rNeg    + . .      Spirit   .    a - +0 robe
rPois   ∞          Reflect  .    (no helmet)
rElec   +          Harm     .    (no cloak)
rCorr   .          Rampage  .    (no gloves)
Will    .....                    (no boots)
Stlth   ++                       (no amulet)
HPRegen 0.21/turn                (no ring)
MPRegen 0.08/turn                (no ring)

@: no status effects
A: sickness immunity, AC +2, negative energy resistance 1, electricity
resistance, torment resistance 1, petrification resistance
a: no special abilities


You were on level 1 of the Dungeon.
You visited 1 branch of the dungeon, and saw 1 of its levels.

Inventory:

Armour
 a - a +0 robe (worn)
Scrolls
 c - a scroll of identify {unknown}
Potions
 b - a potion of magic


   Skills:
 - Level 1.5 Dodging
 - Level 2.1 Stealth
 * Level 2.0 Spellcasting
 - Level 0.7 Transmutations
 + Level 3.6 Earth Magic


You had 3 spell levels left.
You knew the following spells:

 Your Spells              Type           Power      Damage    Failure   Level
a - Sandblast             Erth           24%        2d8       4%          1

Your spell library contained the following spells:

 Spells                   Type           Power      Damage    Failure   Level
 Passwall                 Tmut/Erth      6%         N/A       14%         2
 Stone Arrow              Conj/Erth      14%        3d7       30%         3
 Petrify                  Tmut/Erth      8%         N/A       65%         4


Dungeon Overview and Level Annotations

Branches:
Dungeon (1/15)

Altars:


Innate Abilities, Weirdness & Mutations

You are immune to sickness and miasma.
Your stone body is resilient. (AC +2)
You are immune to poison.
You resist negative energy. (rN+)
You are resistant to electric shocks. (rElec)
You are resistant to unholy torment.
You are immune to petrification.


Message History

Welcome, Crownlay the Gargoyle Earth Elementalist.
Are you destined to find the breathtaking Orb of Zot, or to die trying?
Press ? for a list of commands and other information.
Found a staircase leading out of the dungeon.
You open the door.
Found a stone staircase leading down.
There is an open door here.
You open the door.
There is an open door here.
You open the door.
There is an open door here.
c - a scroll labelled WOERODA BUEPNACA You open the door.
There is an open door here.
There is an open door here.
You open the door.
There is an open door here.
A ball python comes into view.
A ball python is nearby!
A gnoll and an endoplasm come into view.
The gnoll shouts!
You hear a shout!
A ball python comes into view.
The ball python hisses angrily.
A rat comes into view.
The ball python bites you but does no damage.
The ball python closely misses you.
The blast of sand hits the ball python!
You kill the ball python!
The endoplasm quivers.
A goblin comes into view. It is wielding a +0 club.
An endoplasm comes into view.
The blast of sand misses the ball python.
The endoplasm quivers.
The ball python bites you. The ball python grabs you.
The ball python constricts you. The gnoll hits you with a +0 club.
You escape the ball python's grasp.
The gnoll hits you with a +0 club.
You die...

≈≈## ###≈≈≈≈#≈≈.#≈≈≈#
§≈§≈#######≈≈≈≈≈≈#≈≈.≈≈≈.#
§§≈≈≈§.P.≈≈≈≈≈≈≈≈≈≈≈≈....#
§≈≈≈≈≈PPP≈≈≈≈≈≈≈≈≈......##
..§§≈≈...≈≈≈..........###
..................#####
#.P..P....P.######
######.############
...........@S.......
...########.g.......
#.J.r..... ##........
#........ #....Jg..
#........ .........


You could see a gnoll, 2 endoplasms, a goblin, a ball python and a rat.

Vanquished Creatures
  A ball python (D:1)
1 creature vanquished.

Notes
Turn   | Place    | Note
-------+----------+-------------------------------------------
     0 | D:1      | Crownlay the Gargoyle Earth Elementalist began the quest
                  | for the Orb.
     0 | D:1      | Reached XP level 1. HP: 10/10 MP: 3/3
    69 | D:1      | Slain by a gnoll

Illustrated notes

Levels and vault maps discovered:
D:1:      dpeg_arrival_water_fire, layout_basic, serial_shops,
          nicolae_shop_temple_entry_statues_fountains, minmay_misc_feat_cross,
          minmay_misc_feat_tower

Action                     || total
---------------------------++-------
   Cast: Sandblast         ||     2
 Armour: Robe              ||     1
  Dodge: Dodged            ||     1

Table legend: (Time is in decaauts)
 A = Elapsed time spent in this place.
 B = Non-inter-level travel time spent in this place.
 C = Inter-level travel time spent in this place.
 D = Time resting spent in this place.
 E = Time spent auto-exploring this place.
 F = Levels seen in this place.
 G = Mean time per level.
                   A        B        C        D        E       F      G
               +--------+--------+--------+--------+--------+-----+--------+
         Total |     70 |     70 |      0 |      0 |     62 |   1 |   70.0 |
       Dungeon |     70 |     70 |      0 |      0 |     62 |   1 |   70.0 |
               +--------+--------+--------+--------+--------+-----+--------+

Top non-repeatable levels by time:
     D:1: 70 daAuts
